 Dungeon Crawl Stone Soup version 0.16.0-16-g311141a (webtiles) character file.

28863 nubinia the Unseen (level 13, -32/71 HPs)
             Began as a Spriggan Artificer on Mar 19, 2015.
             Was a High Priest of Nemelex Xobeh.
             Killed from afar by a frost giant (56 damage)
             ... with a bolt of cold
             ... in an ice cave.
             The game lasted 02:09:27 (21216 turns).

nubinia the Unseen (Spriggan Artificer)            Turns: 21216, Time: 02:09:28

Health: -32/71     AC:  4    Str: 11    XL:     13   Next: 12%
Magic:  32/32      EV: 33    Int: 15    God:    Nemelex Xobeh [*****.]
Gold:   1045       SH: 10    Dex: 22    Spells: 0 memorised, 12 levels left

rFire  . . .     SeeInvis +     a - +7 rapier
rCold  . . .     Clarity  .     e - +0 robe
rNeg   . . .     SustAb   .     V - +3 buckler of Lugonu's Whim {MR+ SInv}
rPois  +         Gourm    .     (helmet restricted)
rElec  .         Spirit   .     B - +1 cloak
rCorr  +         Warding  .     (gloves unavailable)
rMut   .         Stasis   .     (boots unavailable)
MR     +++..                    y - amulet of resist corrosion
Stlth  ++++++++..               d - ring of poison resistance
                                w - ring "Twe Masm" {Str+4 Slay+5}

@: very slightly contaminated, very quick, extremely resistant to hostile
enchantments, extraordinarily stealthy
A: unfitting armour, see invisible, agile 1, herbivore 3, speed 3, robust 1,
slow metabolism 2
a: Triple Draw, Deal Four, Stack Five, Renounce Religion


You were in an ice cave.
You worshipped Nemelex Xobeh.
Nemelex Xobeh was extremely pleased with you.
You were full.

You visited 3 branches of the dungeon, and saw 17 of its levels.
You also visited: Ice Cave.

You collected 1193 gold pieces.
You spent 100 gold pieces at shops.

Inventory:

Hand weapons
 a - a +7 rapier (weapon)
 b - a +0 hunting sling
Missiles
 t - 84 sling bullets
Armour
 e - a +0 robe (worn)
 j - the cursed -2 cloak of the Countless Wars {+Fly rPois rC- Dex+2, unknown}
   (You found it in an ice cave)

   It affects your dexterity (+2).
   It makes you vulnerable to cold.
   It protects you from poison.
   It lets you fly.
   It has a curse placed upon it.
 k - a +0 animal skin of cold resistance
 B - a +1 cloak (worn)
 V - the +3 buckler of Lugonu's Whim (worn) {MR+ SInv}
   (You acquired it on level 4 of the Lair of Beasts)

   It affects your resistance to hostile enchantments.
   It enhances your eyesight.
Jewellery
 d - a ring of poison resistance (right hand)
 w - the ring "Twe Masm" (left hand) {Str+4 Slay+5}
   (You found it on level 3 of the Lair of Beasts)

   [ring of strength]

   It affects your strength (+4).
   It affects your accuracy and damage with ranged weapons and melee attacks
   (+5).
 y - an amulet of resist corrosion (around neck)
 C - an uncursed ring of teleportation
 D - an uncursed ring of sustain abilities
 L - an uncursed ring of stealth
 Q - an uncursed ring of flight
Magical devices
 c - a wand of enslavement (13)
 r - a wand of flame (14)
 s - a wand of draining (7)
 v - a wand of fire (5)
 A - a wand of paralysis (12)
 G - a wand of flame (8)
 I - a wand of magic darts (11)
 T - a wand of digging (14)
Scrolls
 g - 6 scrolls of recharging
 h - 12 scrolls of remove curse
 m - 4 scrolls of magic mapping
 q - a scroll of blinking
 U - 3 scrolls of teleportation
Potions
 l - 2 potions of magic
 n - a potion of mutation {unknown}
 o - 2 potions of haste
 p - 3 potions of resistance
 z - a potion of restore abilities
 F - 9 potions of curing
 K - a potion of decay {unknown}
 O - 2 potions of invisibility
 P - 2 potions of agility
 W - a potion of heal wounds
 X - a potion of cure mutation {unknown}
 Y - a potion of cancellation
Miscellaneous
 f - an ornate deck of destruction
 i - a plain deck of destruction {drawn: 3}
 x - an ornate deck of war
 E - a legendary deck of war
 J - a plain deck of escape {drawn: 4}
 R - a plain deck of escape
 S - a plain deck of war {drawn: 4}


   Skills:
 + Level 6.1 Fighting
 + Level 9.3 Short Blades
 + Level 10.9 Slings
 + Level 0.2(6.3) Throwing
 + Level 14.0 Dodging
 + Level 16.4 Stealth
 + Level 3.0 Shields
 + Level 12.7 Evocations


You had 12 spell levels left.
You didn't know any spells.

Dungeon Overview and Level Annotations

Branches:
Dungeon (10/15)            Temple (1/1) D:6            Lair (6/8) D:10
  Swamp (0/5) Lair:5       Spider (0/5) Lair:5
  Slime: Lair:6-8       Orc: D:9-12

Altars:
Ashenzari
Cheibriados
Dithmenos
Elyvilon
Fedhas
Gozag
Kikubaaqudgha
Makhleb
Nemelex Xobeh
Okawaru
Qazlal
Ru
Sif Muna
Trog
Vehumet
Xom
Yredelemnul
Zin
The Shining One

Shops:
D:8 !

Annotations:
D:2 Sigmund
D:6 exclusion: door, asthiss' ghost, experienced MiBe
Lair:4 hulla's ghost, powerful OpTm IceCv exclusion: ice statue


Innate Abilities, Weirdness & Mutations

You are tiny and cannot use many weapons and most armour.
You have supernaturally acute eyesight.
You are a herbivore.
You cover ground extremely quickly.
You need consume almost no food.
You are agile. (Dex +2)
You are robust (+10% HP).


Message History

The glaive mimic snickers and vanishes in a puff of smoke!
The frost giant casts a spell at you. The bolt of cold hits you!
Ouch! That really hurt!
You see here an animal skin of cold resistance.
k - an animal skin of cold resistance Read which item? (? for menu, Esc to quit)
As you read the scroll of fear, it crumbles to dust.
You assume a fearsome visage.
The frost giant easily resists.
The polar bear looks frightened!
Read which item? (? for menu, Esc to quit)
Blink to where?
Press: ? - help, Dir - move target cursor You are very lightly contaminated with residual magic.
As you read the scroll of blinking, it crumbles to dust.
The frost giant casts a spell at you. The bolt of cold hits you!
Ouch! That really hurt!
You die...
Your body glows with a rainbow of weird colours and disappears.

##########
##()....$.#
#.........####
##§..C..h....##.#
###$.#...@....#
#####...h..##
##.....## ##
##....### .#
##...### ##
##..### .####≈≈≈
#..##
#..##≈≈≈###†####
..##≈≈≈≈≈≈#.†..###
###


You could see a frost giant and 2 polar bears.

Vanquished Creatures
  3 hydras
  A death yak (IceCv)
  A hill giant (D:10)
  A centaur zombie (D:10)
  3 elephants (Lair:4)
  2 black mambas
  10 spiny frogs
  2 fire drakes
  A two-headed ogre (D:10)
  A giant leech (Lair:5)
  14 polar bears
  25 yaks
  A wyvern (D:9)
  Eustachio (D:8)
  A deep elf mage (D:9)
  A hungry ghost (D:9)
  3 hippogriffs
  21 wolves
  11 water moccasins
  4 porcupines
  A phantom (D:6)
  A necrophage (D:7)
  7 spiders (Lair:5)
  2 orc warriors
  7 crocodiles
  A boring beetle (Lair:3)
  5 ogres
  5 centaurs
  11 giant frogs
  2 electric eels (Lair:5)
  4 scorpions
  7 wights
  24 killer bees
  2 crimson imps
  9 hounds
  2 centaur skeletons
  A giant frog skeleton (D:6)
  2 hell rats (Lair:3)
  5 orc wizards
  7 iguanas
  6 worker ants
  A killer bee zombie (D:10)
  A hound zombie (D:10)
  A hound skeleton (D:9)
  A mummy (D:9)
  A shadow imp (D:6)
  15 adders
  32 river rats
  4 worms
  A giant mite (D:6)
  An adder skeleton (D:7)
  7 giant geckos
  23 orcs
  4 ball pythons
  A bat skeleton (D:4)
  6 giant cockroaches
  9 goblins
  8 hobgoblins
  17 jackals
  10 quokkas
  10 bats
  A giant gecko skeleton (D:9)
  4 giant newts
  A giant spore (D:8)
  A jackal skeleton (D:4)
  10 kobolds
  A quokka skeleton (D:4)
  15 rats
  2 ballistomycetes (D:8)
  A plant (Lair:5)
407 creatures vanquished.

Vanquished Creatures (collateral kills)
  A hydra (Lair:3)
  A hill giant (D:9)
  2 wolves (D:8)
  2 centaurs (D:5)
  A scorpion (D:8)
  A wight (D:5)
  3 killer bees
  2 orc wizards
  A worker ant (D:4)
  A shadow imp (D:8)
  2 orcs
  2 giant cockroaches (D:5)
  A jackal (D:5)
20 creatures vanquished.

Vanquished Creatures (others)
  2 yaks
  A wolf (IceCv)
  5 killer bees
  A hobgoblin (D:10)
  A giant spore (D:6)
  A ballistomycete (D:6)
11 creatures vanquished.

Grand Total: 438 creatures vanquished

Notes
Turn   | Place    | Note
--------------------------------------------------------------
     0 | D:1      | nubinia, the Spriggan Artificer, began the quest for the Orb.
     0 | D:1      | Reached XP level 1. HP: 9/9 MP: 2/2
   428 | D:1      | Reached XP level 2. HP: 10/14 MP: 5/5
   815 | D:1      | Reached skill level 1 in Fighting
   947 | D:2      | Found a glowing golden altar of the Shining One.
  1072 | D:2      | Noticed Sigmund
  1108 | D:2      | Reached skill level 5 in Evocations
  1126 | D:2      | Reached XP level 3. HP: 18/18 MP: 8/8
  1289 | D:2      | Found an opulent altar of Gozag.
  2214 | D:2      | Reached XP level 4. HP: 22/22 MP: 11/11
  2245 | D:2      | Reached skill level 1 in Slings
  2751 | D:2      | Found a shimmering altar of Xom.
  4145 | D:4      | Reached XP level 5. HP: 19/25 MP: 14/14
  5159 | D:4      | Noticed a phantom
  5719 | D:5      | Entered Level 5 of the Dungeon
  5976 | D:5      | Noticed a centaur
  6138 | D:5      | Reached skill level 5 in Dodging
  6204 | D:5      | Reached XP level 6. HP: 13/30 MP: 17/17
  6624 | D:6      | Noticed asthiss' ghost (experienced MiBe)
  6761 | D:7      | Noticed a kobold demonologist
  7257 | D:7      | Reached skill level 6 in Dodging
  7257 | D:7      | Reached XP level 7. HP: 35/35 MP: 19/19
  7380 | D:7      | Found a snail-covered altar of Cheibriados.
  7405 | D:7      | Found a radiant altar of Vehumet.
  7415 | D:6      | Found a staircase to the Ecumenical Temple.
  7428 | Temple   | Entered the Ecumenical Temple
  7463 | Temple   | Became a worshipper of Nemelex Xobeh the Trickster
  7592 | D:6      | Received a gift from Nemelex Xobeh
  7870 | D:6      | Found a shattered altar of Ashenzari.
  7953 | D:6      | Noticed Eustachio
  8133 | D:5      | Reached skill level 5 in Slings
  8188 | D:5      | Noticed a centaur
  8189 | D:5      | Noticed an ogre
  8714 | D:5      | Killed a centaur
  8714 | D:5      | Reached skill level 5 in Stealth
  8887 | D:5      | Noticed a centaur
  9056 | D:5      | Killed a centaur
  9275 | D:5      | Killed an ogre
  9275 | D:5      | Reached XP level 8. HP: 39/39 MP: 19/21
  9344 | D:5      | Reached skill level 7 in Dodging
  9733 | D:6      | Reached skill level 10 in Dodging
  9733 | D:6      | Reached skill level 11 in Evocations
  9733 | D:6      | Reached XP level 9. HP: 42/46 MP: 21/26
 10708 | D:8      | Noticed Grum
 10789 | D:8      | Found Wialur's Distillery.
 10845 | D:8      | Noticed Grum
 10845 | D:8      | Grum changed into Grum the fire drake
 11080 | D:8      | Bought a potion of invisibility for 80 gold pieces
 11152 | D:8      | Found an ancient bone altar of Kikubaaqudgha.
 11452 | D:9      | Found a bloodstained altar of Trog.
 11662 | D:9      | Noticed a hill giant
 11684 | D:9      | Reached skill level 10 in Stealth
 11821 | D:9      | Killed a hill giant
 11821 | D:9      | Reached XP level 10. HP: 39/51 MP: 28/28
 11930 | D:10     | Entered Level 10 of the Dungeon
 11930 | D:10     | Received a gift from Nemelex Xobeh
 12129 | D:10     | Noticed a hill giant
 12195 | D:10     | Killed a hill giant
 12651 | D:10     | Received a gift from Nemelex Xobeh
 12992 | D:10     | Found a staircase to the Lair.
 13766 | Lair:1   | Entered Level 1 of the Lair of Beasts
 13823 | Lair:1   | Noticed a black mamba
 13835 | Lair:1   | Killed a black mamba
 14129 | Lair:1   | Received a gift from Nemelex Xobeh
 14164 | Lair:1   | Reached skill level 10 in Slings
 14362 | Lair:1   | Received a gift from Nemelex Xobeh
 14942 | Lair:1   | Reached skill level 5 in Fighting
 14942 | Lair:1   | Reached XP level 11. HP: 55/55 MP: 29/29
 15257 | Lair:2   | Acquired Nemelex Xobeh's first power
 15729 | Lair:3   | Reached skill level 12 in Stealth
 15757 | Lair:3   | Received a gift from Nemelex Xobeh
 15815 | Lair:3   | Noticed a seven-headed hydra
 15840 | Lair:3   | Killed a seven-headed hydra
 15840 | Lair:3   | Reached skill level 13 in Stealth
 16115 | Lair:3   | Got a faintly glowing granite ring
 16116 | Lair:3   | Identified the ring "Twe Masm" {Str+4 Slay+5} (You found it on level 3 of the Lair of Beasts)
 16394 | Lair:3   | Noticed a four-headed hydra
 16439 | Lair:3   | Killed a four-headed hydra
 16859 | Lair:4   | Noticed hulla's ghost (powerful OpTm)
 16871 | Lair:3   | Reached skill level 14 in Stealth
 16898 | Lair:4   | Gained mutation: You are robust (+10% HP). [helix card]
 16899 | Lair:4   | Gained mutation: You are agile. (Dex +2) [helix card]
 17135 | Lair:4   | Received a gift from Nemelex Xobeh
 17338 | Lair:4   | Acquired Nemelex Xobeh's second power
 17340 | Lair:4   | Identified a scroll of acquirement
 17341 | Lair:4   | Got a heavily runed buckler
 17347 | Lair:4   | Identified the +3 buckler of Lugonu's Whim {MR+ SInv} (You acquired it on level 4 of the Lair of Beasts)
 17935 | Lair:5   | Received a gift from Nemelex Xobeh
 17935 | Lair:5   | Noticed a four-headed hydra
 17963 | Lair:5   | Killed a four-headed hydra
 17963 | Lair:5   | Reached XP level 12. HP: 66/66 MP: 31/31
 18287 | D:8      | Killed Grum the fire drake
 18311 | D:8      | Bought a potion of degeneration for 10 gold pieces
 18311 | D:8      | Bought a potion of poison for 10 gold pieces
 18554 | D:8      | Found a basalt altar of Yredelemnul.
 18563 | D:8      | Killed Eustachio
 19006 | Lair:5   | Found a hole to the Spider Nest.
 19020 | Lair:5   | Reached skill level 15 in Stealth
 19122 | Lair:5   | Noticed a five-headed hydra
 19128 | Lair:5   | Killed a five-headed hydra
 19128 | Lair:5   | Reached skill level 1 in Shields
 19350 | Lair:5   | Acquired Nemelex Xobeh's third power
 19430 | Lair:5   | Received a gift from Nemelex Xobeh
 19468 | Lair:5   | Found a staircase to the Swamp.
 19957 | Lair:6   | Found a frozen archway.
 19990 | IceCv    | Entered an ice cave
 20107 | IceCv    | Reached skill level 16 in Stealth
 20689 | IceCv    | Reached XP level 13. HP: 67/71 MP: 32/32
 21037 | IceCv    | Noticed a frost giant
 21211 | IceCv    | Got a faintly humming cloak
 21216 | IceCv    | Killed from afar by a frost giant

Action                   |  1- 3 |  4- 6 |  7- 9 | 10-12 | 13-15 || total
-------------------------+-------+-------+-------+-------+-------++-------
Melee: Short sword       |   135 |   191 |    96 |       |       ||   422
       Rapier            |       |       |    91 |   547 |    55 ||   693
 Fire: Hunting sling     |    12 |   113 |   196 |   107 |       ||   428
Throw: Stone             |     3 |       |       |       |       ||     3
Invok: Triple Draw       |       |       |       |     2 |       ||     2
 Abil: Evoke Teleportati |       |     1 |       |       |       ||     1
       Evoke Flight      |       |       |       |     2 |       ||     2
Evoke: Wand              |     2 |     7 |    16 |    19 |       ||    44
       Deck              |       |       |     6 |    11 |     1 ||    18
  Use: Scroll            |     1 |    10 |    11 |     8 |     2 ||    32
       Potion            |       |       |     2 |     3 |       ||     5
 Stab: Sleeping          |     1 |    11 |     9 |    57 |       ||    78
       Distracted        |       |       |     2 |     8 |       ||    10
  Eat: Pizza             |       |     1 |       |     1 |       ||     2
       Fruit             |       |     3 |     2 |     9 |       ||    14
       Bread ration      |       |       |     1 |       |       ||     1
